 Dungeon Crawl Stone Soup version 0.27-b1-16-g6517624069 (webtiles) character file.

Game seed: 15939293570417321364

69 ZARRMARR the Skirmisher (level 4, 0/40 HPs)
             Began as a Hill Orc Fighter on July 26, 2021.
             Succumbed to a kobold's poison
             ... while paralysed
             ... on level 3 of the Dungeon.
             The game lasted 00:15:07 (1696 turns).

ZARRMARR the Skirmisher (Hill Orc Fighter)          Turns: 1696, Time: 00:15:08

Health: 0/40       AC: 11    Str: 17 (19) XL:     4   Next: 20%
Magic:  4/4        EV:  2    Int:  0 (3)  God:
Gold:   144        SH:  0    Dex: 16 (19) Spells: 3/3 levels left

rFire    . . .     SeeInvis .   g - +3 broad axe "Rorenear" {vorpal, rElec rC+ Int-5 Dex+9}
rCold    + . .     Faith    .   c - +0 kite shield
rNeg     + . .     Spirit   .   j - +0 chain mail
rPois    .         Reflect  .   m - +0 helmet
rElec    +         Harm     .   a - +0 cloak
rCorr    .         Rampage  .   (no gloves)
Will     .....                  (no boots)
Stlth    ..........             (no amulet)
HPRegen  0.13/turn              f - ring of positive energy
MPRegen  0.09/turn              (no ring)

@: paralysed, mighty, lethally poisoned (0 -> -3), slowed, lost intelligence
A: no striking features
a: no special abilities


You were on level 3 of the Dungeon.
You visited 1 branch of the dungeon, and saw 3 of its levels.

You collected 144 gold pieces.

Inventory:

Hand Weapons
 g - the +3 broad axe "Rorenear" (weapon) {vorpal, rElec rC+ Int-5 Dex+9}
   (You acquired it on level 1 of the Dungeon)

   It inflicts extra damage upon your enemies.
   Int:       It affects your intelligence (-5).
   Dex:       It affects your dexterity (+9).
   rC:        It protects you from cold.
   rElec:     It insulates you from electricity.
 h - a +2 dagger of venom
 l - a +2 war axe of freezing
Missiles
 e - 67 stones (quivered)
Armour
 a - a +0 cloak (worn)
 c - a +0 kite shield (worn)
 j - a +0 chain mail (worn)
 m - a +0 helmet (worn)
Jewellery
 f - a ring of positive energy (left hand)
 i - a ring of magical power
Scrolls
 k - a scroll of amnesia
Potions
 o - a potion of ambrosia {unknown}
 p - a potion of curing {unknown}


   Skills:
 + Level 4.3 Fighting
 + Level 3.9 Axes
 + Level 0.3 Throwing
 + Level 3.9 Armour
 + Level 0.1 Dodging
 + Level 0.1 Stealth
 + Level 3.5 Shields


You had 3 spell levels left.
You didn't know any spells.
Your spell library contained the following spells:

 Spells                   Type           Power      Damage    Failure   Level
 Passwall                 Tmut/Erth      0%         N/A       100%        2
 Swiftness                Air            0%         N/A       100%        3
 Invisibility             Hex            0%         N/A       100%        6


Dungeon Overview and Level Annotations

Branches:
Dungeon (3/15)

Altars:

Shops:
D:1 (


Message History

* * * LOW HITPOINT WARNING * * *
You feel very mighty all of a sudden.
The jackal bites you but does no damage. x2
The gnoll hits you but does no damage. x2; The jackal barely misses you.
You block the jackal's attack.
You slice the gnoll!!
You kill the gnoll!
You hit the jackal.
You kill the jackal!
You slash the jackal!
You kill the jackal!
The kobold throws a poisoned dart.
The poisoned dart hits you!
You are lethally poisoned!
The gnoll hits you but does no damage. You block the gnoll's attack.
The adder bites you but does no damage.
You have reached level 4!
Your shield and chain mail prevent you from hitting the adder.
You barely miss the kobold.
* * * LOW HITPOINT WARNING * * *
You feel very sick. You block the kobold's attack.
You block the adder's attack. You block the gnoll's attack.
The adder bites you.
* * * LOW HITPOINT WARNING * * *
The kobold barely misses you.
You slash the adder!
You kill the adder!
You slash the kobold!
You kill the kobold!
* * * LOW HITPOINT WARNING * * *
You feel sick. The gnoll barely misses you.
The gnoll hits you but does no damage.
It was a potion of degeneration.
There was something very wrong with that liquid.
You feel weakened.
You feel dopey.
You have lost your intelligence.
You feel clumsy.
* * * LOW HITPOINT WARNING * * *
You feel sick.
The gnoll hits you from afar with a +0 spear.
* * * LOW HITPOINT WARNING * * *
You die...

# # ### ... ..##
###############((..
...###..........†)......
.......#........@)(.....
...###############g...$.
...# ..... #### .... ...
.. .


You could see a gnoll.

Vanquished Creatures
  2 gnolls (D:3)
  An adder (D:3)
  2 worms (D:2)
  4 ball pythons
  A bat (D:1)
  3 endoplasms
  2 giant cockroaches (D:1)
  5 goblins (D:1)
  2 hobgoblins (D:1)
  2 jackals (D:3)
  A kobold (D:3)
  2 quokkas (D:3)
  3 frilled lizards (D:1)
  2 rats
32 creatures vanquished.

Notes
Turn   | Place    | Note
-------+----------+-------------------------------------------
     0 | D:1      | ZARRMARR the Hill Orc Fighter began the quest for the Orb.
     0 | D:1      | Reached XP level 1. HP: 19/19 MP: 1/1
   113 | D:1      | Reached XP level 2. HP: 26/27 MP: 2/2
   272 | D:1      | Found a faded altar of an unknown god.
   446 | D:1      | Found Secsukku's Weapon Boutique.
   503 | D:1      | Reached skill level 4 in Fighting
   830 | D:1      | Identified a scroll of acquirement
   830 | D:1      | Acquired the +3 broad axe "Rorenear" {vorpal, rElec rC+
                  | Int-5 Dex+9}
   969 | D:2      | Reached XP level 3. HP: 33/33 MP: 3/3
  1693 | D:3      | Reached XP level 4. HP: 9/40 MP: 4/4
  1695 | D:3      | Lost intelligence.
  1695 | D:3      | HP: 1/40 [gnoll (2)]
  1696 | D:3      | Succumbed to a kobold's poison

Illustrated notes

Levels and vault maps discovered:
D:1:      dpeg_arrival_leaves_temple_mockup, layout_basic, serial_shops, shop,
          dilly_ecumenical_altar_fadedgnrine, minmay_misc_feat_doors,
          st_stairs_7, nrook_mini_vaults
D:2:      layout_rooms
D:3:      minmay_razor_zed, layout_rooms, corexii_item_surrounded_by_moat,
          uniq_robin

Skill      XL: |  1  2 |
---------------+-------+-----
Axes           | 3 |  3.9
Fighting       | 4 |  4.3
Throwing       | |  0.3
Armour         | |  3.9
Dodging        | |  0.1
Stealth        | |  0.1
Shields        | |  3.5

Action                   |  1- 3 |  4- 6 || total
-------------------------+-------+-------++-------
Melee: War axe           |    30 |       ||    30
       Dagger            |     7 |       ||     7
       Broad axe         |    24 |     2 ||    26
Throw: Stone             |    50 |       ||    50
  Use: Scroll            |     7 |       ||     7
       Potion            |     1 |     1 ||     2
Armor: Scale mail        |    15 |       ||    15
       Chain mail        |    16 |     1 ||    17
Dodge: Dodged            |    17 |     2 ||    19
Block: Kite shield       |    31 |     3 ||    34
